 Dungeon Crawl Stone Soup version 0.29.1-15-g9cfb28693d (webtiles) character file.

Game seed: 5228376435627706324

81 Heoruswealwe the Magician (level 4, -7/24 HPs)
             Began as a Deep Elf Earth Elementalist on Apr 10, 2023.
             Mangled by Natasha (8 damage)
             ... on level 2 of the Dungeon.
             The game lasted 00:12:19 (1206 turns).

Heoruswealwe the Magician (DEEE)                    Turns: 1206, Time: 00:12:21

Health: -7/24      AC:  3    Str:  5    XL:     4   Next: 20%
Magic:  7/12       EV: 12    Int: 22    God:
Gold:   124        SH:  0    Dex: 15    Spells: 1/11 levels left

rFire   . . .      SeeInvis .   (no weapon)
rCold   . . .      Faith    .   (no shield)
rNeg    + . .      Spirit   .   a - +0 robe
rPois   .          Reflect  .   (no helmet)
rElec   .          Harm     .   (no cloak)
rCorr   .          Rampage  .   k - +0 pair of gloves
Will    .....                   (no boots)
Stlth   ++........              (no amulet)
HPRegen 0.08/turn               f - ring of positive energy
MPRegen 0.13/turn               (no ring)

@: slowed, very slow
A: no striking features
a: no special abilities


You were on level 2 of the Dungeon.
You visited 1 branch of the dungeon, and saw 2 of its levels.

You collected 124 gold pieces.

Inventory:

Armour
 a - a +0 robe (worn)
 e - a +0 robe
 k - a +0 pair of gloves (worn)
Jewellery
 f - a ring of positive energy (left hand)
Scrolls
 c - a scroll of enchant armour {unknown}
 d - a scroll of identify {unknown}
 g - a scroll of butterflies {unknown}
 j - 2 scrolls of teleportation {unknown}
 l - a scroll of noise {unknown}
 n - a scroll of acquirement {unknown}
 o - a scroll of fear {unknown}
 p - a scroll of vulnerability {unknown}
Potions
 b - a potion of magic
 h - 3 potions of invisibility {unknown}
 i - a potion of berserk rage {unknown}
 m - a potion of curing {unknown}


   Skills:
 - Level 2.4 Dodging
 - Level 2.4 Stealth
 + Level 4.0 Spellcasting
 + Level 1.9 Conjurations
 + Level 2.3 Transmutations
 + Level 4.0 Earth Magic


You had one spell level left.
You knew the following spells:

 Your Spells              Type           Power      Damage    Failure   Level
a - Sandblast             Erth           44%        2d11      2%          1
b - Stone Arrow           Conj/Erth      34%        3d9       10%         3
c - Petrify               Tmut/Erth      18%        N/A       30%         4
z - Passwall              Tmut/Erth      15%        N/A       4%          2

Your spell library contained the following spells:

 Spells                   Type           Power      Damage    Failure   Level
 Slow                     Hex            16%        N/A       11%         1
 Confusing Touch          Hex            4%         N/A       32%         3
 Vampiric Draining        Necr           4%         2d6       32%         3


Dungeon Overview and Level Annotations

Branches:
Dungeon (2/15)

Altars:
Ru

Annotations:
D:2 Natasha


Message History

The dart slug is heavily wounded.
The blast of sand hits the dart slug!
You kill the dart slug!
You open the door.
There is an open door here.
You now have 124 gold pieces (gained 13).
Natasha, Servant of Life and Death comes into view.
Natasha casts a spell at you. The magic dart hits you.
The blast of sand misses Natasha.
Natasha barely misses you.
The blast of sand hits Natasha.
Natasha is lightly wounded.
Natasha casts a spell at you.
You feel yourself slow down.
The blast of sand hits Natasha!
Natasha is heavily wounded.
Natasha barely misses you. Natasha claws you.
The blast of sand misses Natasha.
Natasha claws you! Natasha misses you. Natasha casts a spell at you.
The magic dart hits you!
* * * LOW HITPOINT WARNING * * *
You are too injured to fight recklessly!
Casting: Sandblast (safe; 2% risk of failure)
Confirm with . or Enter, or press ? or * to list all spells.
Aiming: Sandblast (safe; 2% risk of failure)
Press: ? - help, Shift-Dir - straight line, f/p - Natasha
Aim: Natasha (heavily wounded, 79% to hit)
The blast of sand hits Natasha.
Natasha is almost dead.
Natasha closely misses you. Natasha claws you.
* * * LOW HITPOINT WARNING * * *
Casting: Sandblast (safe; 2% risk of failure)
Confirm with . or Enter, or press ? or * to list all spells.
Aiming: Sandblast (safe; 2% risk of failure)
Press: ? - help, Shift-Dir - straight line, f/p - Natasha
Aim: Natasha (almost dead, 79% to hit)
The blast of sand hits Natasha but does no damage.
Natasha is almost dead.
Natasha claws you!
You die...

....#.............#
....#.............# ##.
....#.............##.....
....#....................
....#...........####.###.
....###'##'#............
....# #......###.###.###
##### ####.### #.#
##########.#####@#
................h#
##########.###.... .# #.#
#.#### ## #.# #. #.# #.
#.# # #.# #..


You could see Natasha.

Vanquished Creatures
  Natasha (D:2)
  2 adders (D:2)
  3 dart slugs (D:2)
  A worm (D:2)
  7 ball pythons
  An endoplasm (D:2)
  4 goblins
  4 hobgoblins
  3 kobolds
  A quokka (D:1)
  2 bats
  A frilled lizard (D:2)
  4 rats
34 creatures vanquished.

Notes
Turn   | Place    | Note
-------+----------+-------------------------------------------
     0 | D:1      | Heoruswealwe the Deep Elf Earth Elementalist began the
                  | quest for the Orb.
     0 | D:1      | Reached XP level 1. HP: 10/10 MP: 6/6
   157 | D:1      | Reached XP level 2. HP: 5/15 MP: 5/8
   160 | D:1      | Learned a level 2 spell: Passwall
   276 | D:1      | Found a faded altar of an unknown god.
   280 | D:1      | Prayed at the altar of an unknown god.
   280 | D:1      | Became a worshipper of Ru the Awakened
   281 | D:1      | Fell from the grace of Ru
   373 | D:1      | Reached skill level 1 in Conjurations
   676 | D:2      | Noticed Natasha
   679 | D:2      | Killed Natasha
   680 | D:2      | Reached XP level 3. HP: 19/19 MP: 3/10
   936 | D:2      | Reached XP level 4. HP: 24/24 MP: 8/11
   940 | D:2      | Learned a level 3 spell: Stone Arrow
   945 | D:2      | Learned a level 4 spell: Petrify
  1198 | D:2      | Noticed Natasha
  1205 | D:2      | HP: 1/24 [Natasha (1)]
  1206 | D:2      | Mangled by Natasha

Illustrated notes

Levels and vault maps discovered:
D:1:      dpeg_arrival_connections, layout_loops_ring,
          shapermc_ecumenical_altar_mp_vishouse
D:2:      layout_basic, uniq_natasha

Skill      XL: |  1  2  3  4 |
---------------+-------------+-----
Conjurations   | 1 |  1.9
Transmutations | 2 |  2.3
Spellcasting   | 4 |  4.0
Earth Magic    | 4 |  4.0
Dodging        | |  2.4
Stealth        | |  2.4

Action                   |  1- 3 |  4- 6 || total
-------------------------+-------+-------++-------
 Cast: Sandblast         |    44 |    14 ||    58
       Passwall          |     1 |       ||     1
Invok: Renounce Religion |     1 |       ||     1
Armor: Robe              |     1 |       ||     1
Dodge: Dodged            |     8 |     5 ||    13
